Unix NetHack Version 5.0.0-0 post-release - last build Jun 10 2026 00:39:30 (3ee93aec679c4c4259841fe613dc97188e26a321,branch:main).

Game began 2026-06-22 23:14:16, ended 2026-06-23 22:13:02.

Daltwisney, chaotic female elven Wizard

                                                      ---------         -----
        ----------                        -------    --.......------  ---..<|
         ..  .  ..                        |.....|    |..--.........|---.....|
         -.--.---|-                       |.._..|    |..|---------.|....|..--
         |.-|.. |..    ---        ---     |.....|    ----      ---.....-|.--
       ---..-|---..----..|   ------)+     ---.---   -----  ---|.........---
    -+--........--|-.....-+---....).|       |.|#   .-...----..|....|.-
    |................--.......)----[|       |.. ---|.....|....|..---
    --..--|--------..|-.......--  ..|      --.---..|..........|..|
     -  |.........|--|....{...|   |.|  -----.......|   .--......-
        |+?(!![.(.|  |.......-    |%| --...........|      ......|
        -----------  ---....------|.| ......-- ...------- ...------
               ------|.)..|...|..--.|...-.-..|...-|..|..| ...|-...---
               |(((.|-.%.---..|....[|....-|.....--|..|..|--..|........
               |](..-..)-  ...|-......*...--..-----.---|-.............
               |(((.|-...|...-|.......G...  -.........%...----....{...
       --|--.| ------|........|..--.......  ---------.--+--    .......
       |.....--------|.h..|...------......     |/((.|)|        .......
       +..{...|......--@. |..-     ---...-     |((!.-.|         ---..
       |........----..... ----                 |(((.|--
       ---------   ------                      ------
Daltwisney the Thaumaturge  St:12 Dx:15 Co:16 In:19 Wi:10 Ch:8  Chaotic
Dlvl:7  $:204 HP:0(52) Pw:101(106) AC:4  Xp:8 T:5688  Satiated

Latest messages:
 You see here a whistle (for sale, 13 zorkmids).
 You hear some noises in the distance.
 You feel yourself slow down a bit.
 You hear some noises in the distance.
 "Hello, Daltwisney!  Welcome again to Nenilukah's hardware store!"
 You see here a whistle (for sale, 13 zorkmids).
 You see here a key (for sale, 13 zorkmids).
 "For you, most gracious hiril; only 13 zorkmids for this key."
 m - a key (unpaid, 13 zorkmids).
 You bought a key for 13 gold pieces.
 "Thank you for shopping in Nenilukah's hardware store!"
 In what direction? 8
 The dagger hits the orc shaman!
 The air crackles around the orc shaman.
 In what direction? 8
 The dagger hits the orc shaman!
 The orc shaman points all around, then curses.
 In what direction? 8
 You kill the orc shaman!
 k - 2 blessed daggers (at the ready) (9 in total).
 In what direction? 8
 The dagger hits the dwarf lord!
 In what direction? 8
 The dagger hits the dwarf lord.
 In what direction? 8
 The dagger hits the dwarf lord!
 The dwarf lord thrusts his broad short sword.
 The dwarf lord hits!
 The dwarf lord thrusts his broad short sword.
 The dwarf lord hits again!
 In what direction? 8
 The dagger misses the dwarf lord.
 In what direction? 8
 The dagger misses the dwarf lord.
 In what direction? 8
 The dagger hits the dwarf lord.
 The dwarf lord drinks a fizzy potion!
 The dwarf lord looks completely healed.
 In what direction? 8
 The dagger hits the dwarf lord!
 In what direction? 8
 The spell misses the dwarf lord.
 The dwarf lord thrusts his broad short sword.
 The dwarf lord hits!
 You die...
 Do you want your possessions identified? [ynq] (y) y
 Do you want to see your attributes? [ynq] (y) n
 Do you want an account of creatures vanquished? [ynaq] (y) n
 Do you want to see your conduct and achievements? [ynq] (y) n
 Do you want to see the dungeon overview? [ynq] (y) n

Inventory:
 Coins    ('$')
  $ - 204 gold pieces
 Weapons  (')')
  k - 2 blessed +2 daggers (at the ready)
  j - a +0 dagger
  a - a blessed +4 quarterstaff (weapon in hands)
 Armor    ('[')
  I - an uncursed +0 pair of gauntlets of dexterity (being worn)
  y - a blessed +1 pair of iron shoes (being worn)
  b - an uncursed +1 cloak of magic resistance (being worn)
  x - an uncursed +0 T-shirt with text "Hel-LOOO, Nurse!" (being worn)
 Comestibles  ('%')
  O - 2 uncursed slime molds
  w - 9 uncursed apples
  N - 8 uncursed food rations
  v - 4 uncursed pears
  Z - an uncursed tripe ration
  u - an uncursed lichen corpse
  R - 2 uncursed lizard corpses
 Scrolls  ('?')
  B - an uncursed scroll of blank paper
  r - an uncursed scroll of confuse monster
  T - an uncursed scroll of create monster
  Q - a blessed scroll of destroy armor
  f - 2 uncursed scrolls of earth
  H - 2 uncursed scrolls of food detection
  s - an uncursed scroll of identify
  Y - an uncursed scroll of light
 Spellbooks  ('+')
  W - a blessed spellbook of chain lightning
  l - a blessed spellbook of force bolt
 Potions  ('!')
  C - an uncursed potion of water
 Rings    ('=')
  M - an uncursed -2 ring of increase accuracy (on right hand)
  d - an uncursed ring of polymorph control
  h - an uncursed +2 ring of protection
  e - an uncursed ring of slow digestion (on left hand)
 Wands    ('/')
  P - a wand of digging (0:4)
  c - a wand of magic missile (0:0)
  g - a wand of stasis (0:3)
  t - a wand of stasis (0:3)
 Tools    ('(')
  o - an uncursed leather drum
  D - an uncursed blindfold
  n - a magic marker (0:19)
  X - an uncursed mirror
  m - an uncursed skeleton key
 Gems/Stones  ('*')
  i - an uncursed luckstone

Daltwisney the Wizard's attributes:

Background:
 You were a Thaumaturge, a level 8 female elven Wizard.
 You were chaotic, on a mission for Anhur
 who was opposed by Ptah (lawful) and Thoth (neutral).
 You were left-handed.
 You were in the Gnomish Mines, on level 7.
 You entered the dungeon 5688 turns ago.
 It was nighttime.
 You had 1548 experience points, 1012 more were needed to attain level 9.

Basics:
 You had 0 out of 52 hit points.
 You had 101 out of 106 energy points (spell power).
 Your armor class was 4.
 Your wallet contained 204 zorkmids.
 Autopickup was off.

Final Characteristics:
 Your strength was 12 (limit:18).
 Your dexterity was 15 (peak:17, limit:18).
 Your constitution was 16 (limit:16).
 Your intelligence was 19 (limit:20).
 Your wisdom was 10 (limit:20).
 Your charisma was 8 (limit:18).

Final Status:
 You were satiated.
 You were unencumbered.
 You were wielding a quarterstaff.
 You were skilled in quarterstaff.

Final Attributes:
 You were piously aligned.
 You were magic-protected.
 You were sleep resistant.
 You had infravision.
 You had slower digestion.
 You had a small penalty to hit (-2).
 You were warded.
 You were fast.
 You were lucky.
 You had extra luck.
 Bad luck did not time out for you.
 Good luck did not time out for you.
 You are dead.

Miscellaneous:
 You didn't encounter any bones levels.
 Total elapsed playing time was 2 hours, 1 minute and 44 seconds.

Major events:
 Turn
    1: Daltwisney the chaotic female elven Wizard entered the dungeon
  784: attained the rank of Conjurer (level 3)
 1064: entered the Gnomish Mines
 1600: attained the rank of Thaumaturge (level 6)
 3834: entered Sokoban
 4901: reached Mine Town
 5688: killed by a dwarf lord

Spells:
 Name                 Level Category     Fail Retention
 force bolt             1   attack         0%   71%-80%
 light                  1   divination     0%   51%-75%
 chain lightning        2   attack         0%   81%-90%

Skills:
 Fighting Skills
   bare handed combat [Unskilled]
   riding             [Unskilled]
 Weapon Skills
   dagger             [Skilled]
   knife              [Unskilled]
   axe                [Unskilled]
   short sword        [Unskilled]
   club               [Unskilled]
   mace               [Unskilled]
   quarterstaff       [Skilled]
   polearms           [Unskilled]
   spear              [Unskilled]
   trident            [Unskilled]
   sling              [Unskilled]
   dart               [Unskilled]
   shuriken           [Unskilled]
 Spellcasting Skills
   attack spells      [Basic]
   healing spells     [Unskilled]
   divination spells  [Unskilled]
   enchantment spells [Basic]
   clerical spells    [Unskilled]
   escape spells      [Unskilled]
   matter spells      [Unskilled]

Voluntary challenges:
 Character rerolling was not enabled.
 You never genocided any monsters.
 You never polymorphed an object.
 You never changed form.
 You used no wishes.
 You did not violate any of the special Sokoban rules.
Achievements:
 You attained the rank of Conjurer.
 You entered a shop.
 You entered the Gnomish Mines.
 You attained the rank of Thaumaturge.
 You entered Sokoban.
 You entered Minetown.
 You entered a temple.

 The Dungeons of Doom: levels 1 to 7
    Level 1:
       A fountain.
    Level 2:
       A fountain, a grave.
    Level 3:
       An altar, a fountain, many trees.
    Level 4:
       A potion shop, a sink.
       Stairs down to The Gnomish Mines.
    Level 5:
       A fountain.
    Level 6:
       Many fountains.
    Level 7:
       Stairs up to Sokoban, level 6.
 The Gnomish Mines: levels 5 to 7
    Level 5:
    Level 6:
    Level 7: <- You were here.
       Many shops, a temple and an altar, many fountains.
       Final resting place for
          you, killed by a dwarf lord.
 Sokoban:
    Level 6:
       Unsolved.


Vanquished creatures:
  a black pudding
  a giant mimic
 an amorous demon
  a quivering blob
  a wolf
  2 leprechauns
 an iron piercer
  a dwarf mummy
 an owlbear
  a gold golem
  2 lizards
  a dingo
  a snake
  a human zombie
  a fire ant
  a wood nymph
 an orc shaman
  a rock piercer
  2 rock moles
  a fog cloud
  3 yellow lights
  a violet fungus
  5 gnome leaders
  a gnomish wizard
  a paper golem
  2 giant ants
  a floating eye
  8 dwarves
  a homunculus
  a kobold leader
  a giant bat
 an orc zombie
  a dwarf zombie
  3 iguanas
  2 killer bees
 an acid blob
  a hobgoblin
  2 cave spiders
  a green mold
 27 gnomes
  a gnome zombie
  5 geckos
  a jackal
  4 foxes
  a kobold
  2 goblins
  5 sewer rats
  8 grid bugs
  2 bats
  4 lichens
  5 newts
125 creatures vanquished.

No species were genocided or became extinct.

Game over:
                       ----------
                      /          \
                     /    REST    \
                    /      IN      \
                   /     PEACE      \
                  /                  \
                  |    Daltwisney    |
                  |      204 Au      |
                  |   killed by a    |
                  |    dwarf lord    |
                  |                  |
                  |                  |
                  |       2026       |
                 *|     *  *  *      | *
        _________)/\\_//(\/(/\)/\//\/|_)_______

Goodbye Daltwisney the Wizard...

You died in The Gnomish Mines on dungeon level 7 with 6044 points,
and 204 pieces of gold, after 5688 moves.
You were level 8 with a maximum of 52 hit points when you died.

